TOP OF THE 1ST |
Quincy Cubs batting - Pitching for Danville Veterans : LHP Juan Dorville
|
Pitching: LHP Juan Dorville
|
|
Batting: SHB Selwyn Young
|
0-0: Foul Ball, location: 2F 0-1: Foul Ball, location: 2F 0-2: Ball 1-2: Ground out 6-3 (Groundball, 6, EV 84.4 MPH)
|
Batting: RHB Jack Ayer
|
0-0: Ball 1-0: Swinging Strike 1-1: Swinging Strike 1-2: Strikes out swinging
|
Batting: SHB Willie Perez
|
0-0: Called Strike 0-1: Foul Ball, location: 2F 0-2: Ball 1-2: Fly out, F8 (Flyball, 8LD, EV 101.9 MPH)
|
Top of the 1st over - 0 runs, 0 hits, 0 errors, 0 left on base; Quincy 0 - Danville 0 |
BOTTOM OF THE 1ST |
Danville Veterans batting - Pitching for Quincy Cubs : RHP Danny Vigil
|
Pitching: RHP Danny Vigil
|
|
Batting: RHB Billy Hatcher
|
0-0: Ball 1-0: Foul Ball, location: 2F 1-1: Fly out, F9 (Flyball, 9S, EV 88.8 MPH)
|
Batting: RHB Henry Janssen
|
0-0: Foul Ball, location: 2F 0-1: Ground out 6-3 (Groundball, 6, EV 83.1 MPH)
|
Batting: LHB Mark Salas
|
0-0: SOLO HOME RUN (Line Drive, 8RXD, EV 93.8 MPH), Distance : 450 ft
|
Batting: RHB Barry Brunenkant
|
0-0: Ball 1-0: Foul Ball, location: 2F 1-1: Fly out, F7 (Flyball, 78S, EV 95.0 MPH)
|
Bottom of the 1st over - 1 run, 1 hit, 0 errors, 0 left on base; Quincy 0 - Danville 1 |
TOP OF THE 2ND |
Quincy Cubs batting - Pitching for Danville Veterans : LHP Juan Dorville
|
Batting: RHB Garry Keeton
|
0-0: Ground out 6-3 (Groundball, 6, EV 84.4 MPH)
|
Batting: RHB Charles Curry
|
0-0: Called Strike 0-1: Foul Ball, location: 2F 0-2: Foul Ball, location: 2F 0-2: Foul Ball, location: 2F 0-2: Ball 1-2: Foul Ball, location: 2F 1-2: Ball 2-2: DOUBLE (Line Drive, 9LS, EV 107.5 MPH)
|
Batting: RHB Alex Juarez
|
0-0: Ball 1-0: Ground out 6-3 (Groundball, 6, EV 86.9 MPH)
|
Batting: LHB Dennis Mork
|
0-0: Ball 1-0: Fly out, F9 (Flyball, 9, EV 85.6 MPH)
|
Top of the 2nd over - 0 runs, 1 hit, 0 errors, 1 left on base; Quincy 0 - Danville 1 |
BOTTOM OF THE 2ND |
Danville Veterans batting - Pitching for Quincy Cubs : RHP Danny Vigil
|
Batting: RHB Joseph Soprano
|
0-0: DOUBLE (Line Drive, 89XD, EV 110.6 MPH)
|
Batting: LHB Eric Bullock
|
0-0: Foul Ball, location: 2F 0-1: Foul Ball, location: 2F 0-2: Ball 1-2: Ground out 4-3 (Groundball, 4M, EV 88.8 MPH) Joseph Soprano to third
|
Batting: RHB Robert Allen
|
0-0: Ball 1-0: Foul Ball, location: 2F 1-1: Foul Ball, location: 2F 1-2: SINGLE (Line Drive, 4D, EV 98.8 MPH) Joseph Soprano scores
|
Batting: RHB Jeff Moronko
|
0-0: Ball 1-0: Fly out, F9 (Line Drive, 9, EV 97.5 MPH)
|
Batting: RHB Tom Hayes
|
0-0: Foul Ball, location: 2F 0-1: DOUBLE (Flyball, 89XD, EV 96.3 MPH) Robert Allen to third Runner from 3rd tries for Home, SAFE, throw by CF to trailing runner, SAFE at third!
|
Batting: RHB Billy Hatcher
|
0-0: Ball 1-0: Ball 2-0: SINGLE (Line Drive, 78S, EV 94.4 MPH) Tom Hayes scores
|
Batting: RHB Henry Janssen
|
0-0: Ball 1-0: Ball 2-0: Ball 3-0: Called Strike 3-1: Foul Ball, location: 2F 3-2: Ground out 6-3 (Groundball, 6S, EV 66.3 MPH)
|
Bottom of the 2nd over - 3 runs, 4 hits, 0 errors, 1 left on base; Quincy 0 - Danville 4 |
TOP OF THE 3RD |
Quincy Cubs batting - Pitching for Danville Veterans : LHP Juan Dorville
|
Batting: RHB Roger Hansen
|
0-0: Ground out 6-3 (Groundball, 6, EV 80.0 MPH)
|
Batting: RHB Billy Best
|
0-0: Called Strike 0-1: Fly out, F3 (Popup, 3S, EV 78.8 MPH)
|
Batting: SHB Selwyn Young
|
0-0: Ball 1-0: Ball 2-0: Ball 3-0: Called Strike 3-1: Ground out 4-3 (Groundball, 4MS, EV 76.3 MPH)
|
Top of the 3rd over - 0 runs, 0 hits, 0 errors, 0 left on base; Quincy 0 - Danville 4 |
BOTTOM OF THE 3RD |
Danville Veterans batting - Pitching for Quincy Cubs : RHP Danny Vigil
|
Batting: LHB Mark Salas
|
0-0: Ball 1-0: Called Strike 1-1: Foul Ball, location: 2F 1-2: Ball 2-2: Strikes out looking
|
Batting: RHB Barry Brunenkant
|
0-0: Ball 1-0: Foul Ball, location: 2F 1-1: Fly out, F4 (Line Drive, 4, EV 67.5 MPH)
|
Batting: RHB Joseph Soprano
|
0-0: Ground out U3 (Groundball, 34, EV 96.3 MPH)
|
Bottom of the 3rd over - 0 runs, 0 hits, 0 errors, 0 left on base; Quincy 0 - Danville 4 |
TOP OF THE 4TH |
Quincy Cubs batting - Pitching for Danville Veterans : LHP Juan Dorville
|
Batting: RHB Jack Ayer
|
0-0: Fly out, F9 (Flyball, 89XD, EV 104.4 MPH)
|
Batting: SHB Willie Perez
|
0-0: Called Strike 0-1: Fly out, F9 (Flyball, 89M, EV 91.3 MPH)
|
Batting: RHB Garry Keeton
|
0-0: Fly out, F8 (Flyball, 8LD, EV 96.9 MPH)
|
Top of the 4th over - 0 runs, 0 hits, 0 errors, 0 left on base; Quincy 0 - Danville 4 |
BOTTOM OF THE 4TH |
Danville Veterans batting - Pitching for Quincy Cubs : RHP Danny Vigil
|
Batting: LHB Eric Bullock
|
0-0: Ball 1-0: Called Strike 1-1: Foul Ball, location: 2F 1-2: Foul Ball, location: 2F 1-2: Strikes out swinging
|
Batting: RHB Robert Allen
|
0-0: Ball 1-0: Ball 2-0: Ball 3-0: Called Strike 3-1: Called Strike 3-2: Fly out, F9 (Line Drive, 9, EV 105.0 MPH)
|
Batting: RHB Jeff Moronko
|
0-0: Called Strike 0-1: SINGLE (Groundball, 56D, EV 103.1 MPH)
|
Batting: RHB Tom Hayes
|
0-0: Called Strike 0-1: Ball 1-1: Called Strike 1-2: Ball 2-2: Ground out 4-3 (Groundball, 4, EV 89.4 MPH)
|
Bottom of the 4th over - 0 runs, 1 hit, 0 errors, 1 left on base; Quincy 0 - Danville 4 |
TOP OF THE 5TH |
Quincy Cubs batting - Pitching for Danville Veterans : LHP Juan Dorville
|
Batting: RHB Charles Curry
|
0-0: SOLO HOME RUN (Flyball, 7LD, EV 97.5 MPH), Distance : 353 ft
|
Batting: RHB Alex Juarez
|
0-0: Called Strike 0-1: Fly out, F8 (Line Drive, 8LD, EV 91.3 MPH)
|
Batting: LHB Dennis Mork
|
0-0: Called Strike 0-1: Swinging Strike 0-2: Ball 1-2: Ball 2-2: Ground out 1-3 (Groundball, 13, EV 64.4 MPH)
|
Batting: RHB Roger Hansen
|
0-0: Ball 1-0: Ball 2-0: Called Strike 2-1: Foul Ball, location: 2F 2-2: Ball 3-2: Hit by Pitch
|
Batting: RHB Billy Best
|
0-0: Reached on error, E6 (Popup, 6MD, EV 57.5 MPH) Roger Hansen to second
|
Batting: SHB Selwyn Young
|
0-0: Foul Ball, location: 2F 0-1: Called Strike 0-2: Strikes out swinging
|
Top of the 5th over - 1 run, 1 hit, 1 error, 2 left on base; Quincy 1 - Danville 4 |
BOTTOM OF THE 5TH |
Danville Veterans batting - Pitching for Quincy Cubs : RHP Danny Vigil
|
Batting: RHB Billy Hatcher
|
0-0: Ball 1-0: Swinging Strike 1-1: Ball 2-1: SINGLE (Groundball, 4M, EV 102.5 MPH) (infield hit)
|
Batting: RHB Henry Janssen
|
0-0: Ball 1-0: DOUBLE (Groundball, 5L, EV 102.5 MPH) Billy Hatcher to third
|
Batting: LHB Mark Salas
|
0-0: Ball 1-0: Swinging Strike 1-1: 3-RUN HOME RUN (Flyball, 9LD, EV 96.9 MPH), Distance : 348 ft
|
Pitching: RHP Duane Ward
|
|
Batting: RHB Barry Brunenkant
|
0-0: Ball 1-0: Called Strike 1-1: Ball 2-1: Swinging Strike 2-2: Ball 3-2: Base on Balls
|
Batting: RHB Joseph Soprano
|
0-0: Swinging Strike 0-1: Swinging Strike 0-2: Foul Ball, location: 2F 0-2: Strikes out swinging
|
Batting: LHB Eric Bullock
|
0-0: Called Strike 0-1: Ball 1-1: Called Strike 1-2: Ball 2-2: Fly out, F9 (Flyball, 9S, EV 81.3 MPH)
|
Batting: RHB Robert Allen
|
0-0: Called Strike 0-1: Ball 1-1: Foul Ball, location: 2F 1-2: Ball 2-2: Ball 3-2: Base on Balls Barry Brunenkant to second
|
Batting: RHB Jeff Moronko
|
0-0: Foul Ball, location: 2F 0-1: Foul Ball, location: 2F 0-2: Ball 1-2: Ball 2-2: Fly out, F9 (Flyball, 9, EV 90.0 MPH)
|
Bottom of the 5th over - 3 runs, 3 hits, 0 errors, 2 left on base; Quincy 1 - Danville 7 |
TOP OF THE 6TH |
Quincy Cubs batting - Pitching for Danville Veterans : LHP Juan Dorville
|
Batting: RHB Jack Ayer
|
0-0: Called Strike 0-1: Ball 1-1: Fly out, F9 (Flyball, 9, EV 86.3 MPH)
|
Batting: SHB Willie Perez
|
0-0: Foul Ball, location: 2F 0-1: Called Strike 0-2: Foul Ball, location: 2F 0-2: Foul Ball, location: 2F 0-2: Strikes out swinging
|
Batting: RHB Garry Keeton
|
0-0: Foul Ball, location: 2F 0-1: Ball 1-1: Ball 2-1: SINGLE (Groundball, 6S, EV 75.6 MPH) (infield hit)
|
Batting: RHB Charles Curry
|
0-0: Called Strike 0-1: Swinging Strike 0-2: Strikes out swinging
|
Top of the 6th over - 0 runs, 1 hit, 0 errors, 1 left on base; Quincy 1 - Danville 7 |
BOTTOM OF THE 6TH |
Danville Veterans batting - Pitching for Quincy Cubs : RHP Duane Ward
|
Batting: RHB Tom Hayes
|
0-0: Called Strike 0-1: Fly out, F7 (Flyball, 78D, EV 93.1 MPH)
|
Batting: RHB Billy Hatcher
|
0-0: Foul Ball, location: 2F 0-1: Fly out, F7 (Line Drive, 7, EV 85.6 MPH)
|
Batting: RHB Henry Janssen
|
0-0: Ball 1-0: Ball 2-0: Foul Ball, location: 2F 2-1: Swinging Strike 2-2: SINGLE (Groundball, 6MS, EV 86.3 MPH) (infield hit)
|
Batting: LHB Mark Salas
|
0-0: Ball 1-0: Ball 2-0: Ball 3-0: Called Strike 3-1: Base on Balls Henry Janssen to second
|
Batting: RHB Barry Brunenkant
|
0-0: Called Strike 0-1: Foul Ball, location: 2F 0-2: Ball 1-2: Strikes out swinging
|
Bottom of the 6th over - 0 runs, 1 hit, 0 errors, 2 left on base; Quincy 1 - Danville 7 |
TOP OF THE 7TH |
Quincy Cubs batting - Pitching for Danville Veterans : LHP Juan Dorville
|
Batting: RHB Alex Juarez
|
0-0: Ball 1-0: Swinging Strike 1-1: Ball 2-1: Called Strike 2-2: Ball 3-2: Fly out, F9 (Flyball, 9S, EV 81.9 MPH)
|
Batting: LHB Dennis Mork
|
0-0: Ball 1-0: Ground out 4-3 (Groundball, 4, EV 86.3 MPH)
|
Batting: RHB Roger Hansen
|
0-0: Called Strike 0-1: Called Strike 0-2: Ball 1-2: Fly out, F9 (Flyball, 89S, EV 77.5 MPH)
|
Top of the 7th over - 0 runs, 0 hits, 0 errors, 0 left on base; Quincy 1 - Danville 7 |
BOTTOM OF THE 7TH |
Danville Veterans batting - Pitching for Quincy Cubs : RHP Duane Ward
|
Batting: RHB Joseph Soprano
|
0-0: Foul Ball, location: 2F 0-1: Called Strike 0-2: Ball 1-2: Fly out, F7 (Flyball, 7, EV 88.8 MPH)
|
Batting: LHB Eric Bullock
|
0-0: SINGLE (Groundball, P, EV 81.9 MPH) (infield hit)
|
Batting: RHB Robert Allen
|
0-0: Ball 1-0: Foul Ball, location: 2F 1-1: Swinging Strike 1-2: Ball 2-2: Ball 3-2: DOUBLE (Line Drive, 8LD, EV 107.5 MPH) Eric Bullock to third
|
Batting: RHB Jeff Moronko
|
0-0: Fly out, F8 (Flyball, 8LS, EV 88.1 MPH)
|
Batting: RHB Tom Hayes
|
0-0: Ball 1-0: Called Strike 1-1: Foul Ball, location: 2F 1-2: Foul Ball, location: 2F 1-2: Fly out, F9 (Flyball, 89M, EV 89.4 MPH)
|
Bottom of the 7th over - 0 runs, 2 hits, 0 errors, 2 left on base; Quincy 1 - Danville 7 |
TOP OF THE 8TH |
Quincy Cubs batting - Pitching for Danville Veterans : LHP Juan Dorville
|
Batting: RHB Billy Best
|
0-0: Called Strike 0-1: Ball 1-1: Fly out, F4 (Popup, 34D, EV 45.6 MPH)
|
Batting: SHB Selwyn Young
|
0-0: Ball 1-0: Called Strike 1-1: Ball 2-1: Foul Ball, location: 2F 2-2: Foul Ball, location: 2F 2-2: Ball 3-2: Fly out, F3 (Popup, 34, EV 69.4 MPH)
|
Batting: RHB Jack Ayer
|
0-0: Called Strike 0-1: Ground out 6-3 (Groundball, 6, EV 88.1 MPH)
|
Top of the 8th over - 0 runs, 0 hits, 0 errors, 0 left on base; Quincy 1 - Danville 7 |
BOTTOM OF THE 8TH |
Danville Veterans batting - Pitching for Quincy Cubs : RHP Duane Ward
|
Batting: RHB Billy Hatcher
|
0-0: Called Strike 0-1: Swinging Strike 0-2: Fly out, F8 (Flyball, 89D, EV 96.9 MPH)
|
Batting: RHB Henry Janssen
|
0-0: Ball 1-0: Swinging Strike 1-1: Foul Ball, location: 2F 1-2: Strikes out swinging
|
Batting: LHB Mark Salas
|
0-0: Called Strike 0-1: Fly out, F9 (Flyball, 9S, EV 96.9 MPH)
|
Bottom of the 8th over - 0 runs, 0 hits, 0 errors, 0 left on base; Quincy 1 - Danville 7 |
TOP OF THE 9TH |
Quincy Cubs batting - Pitching for Danville Veterans : LHP Juan Dorville
|
Batting: SHB Willie Perez
|
0-0: Ball 1-0: Swinging Strike 1-1: Fly out, F7 (Flyball, 7LS, EV 81.9 MPH)
|
Batting: RHB Garry Keeton
|
0-0: Ball 1-0: Ball 2-0: Called Strike 2-1: Foul Ball, location: 2F 2-2: Fly out, F7 (Line Drive, 7D, EV 89.4 MPH)
|
Batting: RHB Charles Curry
|
0-0: Ball 1-0: Called Strike 1-1: Ball 2-1: Swinging Strike 2-2: Fly out, F9 (Flyball, 9LM, EV 100.6 MPH)
|
Top of the 9th over - 0 runs, 0 hits, 0 errors, 0 left on base; Quincy 1 - Danville 7 |
|